PAA
CASPER GHOSTS @ ATLANTIC CITY SONICS
09/14/2034
 
TOP OF THE 1ST
Casper Ghosts batting - Pitching for Atlantic City Sonics : LHP Joaquín Pérez
Pitching: LHP Joaquín Pérez
Batting: RHB Armando Pacheco 0-0: SINGLE (Groundball, 6MD)
Batting: RHB Steve Weber 0-0: Ball
1-0: Foul Ball, location: 2F
1-1: Ball
2-1: Foul Ball, location: 2F
2-2: Strikes out swinging
Batting: RHB Jur Prokop 0-0: Ball
1-0: Called Strike
1-1: Ball
2-1: Fly out, F3 (Popup, 34S)
Batting: RHB Jeff Mouton 0-0: Foul Ball, location: 2F
0-1: Ball
1-1: Foul Ball, location: 2F
1-2: Foul Ball, location: 2F
1-2: Foul Ball, location: 2F
1-2: Ball
2-2: SINGLE (Line Drive, 34D)
Armando Pacheco to second
Runner from 2nd tries for 3rd, SAFE, no throw
Batting: LHB Marcus Shill 0-0: Foul Ball, location: 2F
0-1: Ball
1-1: Ball
2-1: SINGLE (Line Drive, 4M)
Armando Pacheco scores
Jeff Mouton to second
Batting: LHB Badry Maksimenov 0-0: Called Strike
0-1: Called Strike
0-2: Strikes out swinging
Top of the 1st over - 1 run, 3 hits, 0 errors, 2 left on base; Casper 1 - Atlantic City 0
BOTTOM OF THE 1ST
Atlantic City Sonics batting - Pitching for Casper Ghosts : RHP Rhys Maskell
Pitching: RHP Rhys Maskell
Batting: RHB Gary Jenkins 0-0: Called Strike
0-1: Ball
1-1: SINGLE (Groundball, 4MD)
Batting: RHB Dam Son 0-0: Ball
1-0: Ball
2-0: Foul Ball, location: 2F
2-1: Ball
3-1: Called Strike
3-2: Foul Ball, location: 2F
3-2: Ground out 6-3 (Groundball, 6S)
Gary Jenkins to second
Batting: RHB Carlos Mendoza 0-0: Ball
Gary Jenkins steals 3rd base
1-0: Fly out, F3 (Popup, 34)
Batting: LHB Bryce Abood 0-0: Ball
1-0: Ball
2-0: Swinging Strike
2-1: Ball
3-1: Base on Balls
Batting: RHB Jeff Quesenberry 0-0: Called Strike
0-1: Ball
1-1: Ball
2-1: SINGLE (Groundball, 6MD)
Gary Jenkins scores
Bryce Abood to second
Runner from 2nd tries for 3rd, SAFE, no throw
Batting: LHB Scotty Mitchell 0-0: Ball
1-0: Foul Ball, location: 2F
1-1: Ground out U3 (Groundball, 34)
Bottom of the 1st over - 1 run, 2 hits, 0 errors, 2 left on base; Casper 1 - Atlantic City 1
TOP OF THE 2ND
Casper Ghosts batting - Pitching for Atlantic City Sonics : LHP Joaquín Pérez
Batting: RHB Adrijan Markovski 0-0: Ball
1-0: Called Strike
1-1: Ball
2-1: Foul Ball, location: 2F
2-2: Foul Ball, location: 2F
2-2: Foul Ball, location: 2F
2-2: SINGLE (Groundball, 4MD)
Batting: RHB José Reyes 0-0: Ball
1-0: Called Strike
1-1: Ball
2-1: Ball
3-1: Foul Ball, location: 2F
3-2: Strikes out swinging
Batting: RHB Tatsui Kiyomizu 0-0: Called Strike
0-1: Foul Ball, location: 2F
0-2: Ball
Wild Pitch!
Adrijan Markovski to second
1-2: Ball
2-2: Strikes out swinging
Batting: RHB Armando Pacheco 0-0: Ball
1-0: Ground out 6-3 (Groundball, 6)
Top of the 2nd over - 0 runs, 1 hit, 0 errors, 1 left on base; Casper 1 - Atlantic City 1
BOTTOM OF THE 2ND
Atlantic City Sonics batting - Pitching for Casper Ghosts : RHP Rhys Maskell
Batting: LHB António Casas 0-0: DOUBLE (Flyball, 8RD)
Batting: RHB John Willoughby 0-0: Fly out, F7 (Flyball, 78D)
Batting: RHB Kendrick Drumgoole 0-0: Ball
António Casas steals 3rd base
1-0: Called Strike
1-1: Ball
2-1: Swinging Strike
2-2: Ball
3-2: Ground out 6-3 (Groundball, 6)
António Casas scores
Batting: RHB Gary Jenkins 0-0: Called Strike
0-1: Called Strike
0-2: SINGLE (Groundball, 34D)
Batting: RHB Dam Son 0-0: Ball
1-0: Ball
2-0: Called Strike
2-1: Ball
3-1: Called Strike
3-2: Fly out, F9 (Flyball, 89XD)
Bottom of the 2nd over - 1 run, 2 hits, 0 errors, 1 left on base; Casper 1 - Atlantic City 2
TOP OF THE 3RD
Casper Ghosts batting - Pitching for Atlantic City Sonics : LHP Joaquín Pérez
Batting: RHB Steve Weber 0-0: Swinging Strike
0-1: Fly out, F8 (Flyball, 8LS)
Batting: RHB Jur Prokop 0-0: Foul Ball, location: 2F
0-1: Ball
1-1: Ball
2-1: Ball
3-1: Base on Balls
Batting: RHB Jeff Mouton 0-0: Foul Ball, location: 2F
0-1: Ball
1-1: Swinging Strike
1-2: Ball
2-2: Foul Ball, location: 2F
2-2: Ball
Jur Prokop is caught stealing 2nd base
3-2: Ground out 5-3 (Groundball, 56S)
Top of the 3rd over - 0 runs, 0 hits, 0 errors, 0 left on base; Casper 1 - Atlantic City 2
BOTTOM OF THE 3RD
Atlantic City Sonics batting - Pitching for Casper Ghosts : RHP Rhys Maskell
Batting: RHB Carlos Mendoza 0-0: Ball
1-0: Ball
2-0: Ball
3-0: Swinging Strike
3-1: Called Strike
3-2: Strikes out swinging
Batting: LHB Bryce Abood 0-0: Ball
1-0: Ball
2-0: Ball
3-0: Fly out, F9 (Flyball, 89S)
Batting: RHB Jeff Quesenberry 0-0: Ground out 1-3 (Groundball, P)
Bottom of the 3rd over - 0 runs, 0 hits, 0 errors, 0 left on base; Casper 1 - Atlantic City 2
TOP OF THE 4TH
Casper Ghosts batting - Pitching for Atlantic City Sonics : LHP Joaquín Pérez
Batting: LHB Marcus Shill 0-0: Foul Ball, location: 2F
0-1: Ball
1-1: Fly out, F4 (Line Drive, 4)
Batting: LHB Badry Maksimenov 0-0: Called Strike
0-1: Swinging Strike
0-2: Ball
1-2: Foul Ball, location: 2F
1-2: SOLO HOME RUN (Flyball, 9LD), Distance : 342 ft
Batting: RHB Adrijan Markovski 0-0: Called Strike
0-1: Ball
1-1: Ball
2-1: Ball
3-1: Foul Ball, location: 2F
3-2: Strikes out looking
Batting: RHB José Reyes 0-0: Fly out, F9 (Flyball, 9)
Top of the 4th over - 1 run, 1 hit, 0 errors, 0 left on base; Casper 2 - Atlantic City 2
BOTTOM OF THE 4TH
Atlantic City Sonics batting - Pitching for Casper Ghosts : RHP Rhys Maskell
Batting: LHB Scotty Mitchell 0-0: Swinging Strike
0-1: Ball
1-1: Ground out 6-3 (Groundball, 6)
Batting: LHB António Casas 0-0: Ball
1-0: Foul Ball, location: 2F
1-1: Swinging Strike
1-2: Strikes out swinging, 2-3 out at first.
Batting: RHB John Willoughby 0-0: Ball
1-0: Called Strike
1-1: Called Strike
1-2: Ball
2-2: Foul Ball, location: 2F
2-2: SINGLE (Line Drive, 5L)
Batting: RHB Kendrick Drumgoole 0-0: Ball
1-0: Ball
2-0: Swinging Strike
2-1: SINGLE (Line Drive, 8LS)
John Willoughby to second
Batting: RHB Gary Jenkins 0-0: Ball
1-0: Called Strike
1-1: Swinging Strike
1-2: Strikes out swinging
Bottom of the 4th over - 0 runs, 2 hits, 0 errors, 2 left on base; Casper 2 - Atlantic City 2
TOP OF THE 5TH
Casper Ghosts batting - Pitching for Atlantic City Sonics : LHP Joaquín Pérez
Batting: RHB Tatsui Kiyomizu 0-0: Called Strike
0-1: Ball
1-1: Ball
2-1: Called Strike
2-2: Ball
3-2: Fly out, F8 (Flyball, 8RM)
Batting: RHB Armando Pacheco 0-0: Ball
1-0: Foul Ball, location: 2F
1-1: Called Strike
1-2: Ball
2-2: Fly out, F9 (Flyball, 9S)
Batting: RHB Steve Weber 0-0: SINGLE (Line Drive, 9LS)
Batting: RHB Jur Prokop 0-0: Called Strike
0-1: Called Strike
0-2: Ball
Wild Pitch!
Steve Weber to second
1-2: Strikes out looking
Top of the 5th over - 0 runs, 1 hit, 0 errors, 1 left on base; Casper 2 - Atlantic City 2
BOTTOM OF THE 5TH
Atlantic City Sonics batting - Pitching for Casper Ghosts : RHP Rhys Maskell
Batting: RHB Dam Son 0-0: Ball
1-0: SINGLE (Groundball, 34D)
Batting: RHB Carlos Mendoza 0-0: Foul Ball, location: 2F
0-1: Called Strike
0-2: Strikes out swinging
Batting: LHB Bryce Abood 0-0: Ball
1-0: Called Strike
1-1: Fly out, F8 (Flyball, 8LS)
Batting: RHB Jeff Quesenberry 0-0: Foul Ball, location: 2F
0-1: Ball
1-1: Swinging Strike
1-2: Strikes out swinging
Bottom of the 5th over - 0 runs, 1 hit, 0 errors, 1 left on base; Casper 2 - Atlantic City 2
TOP OF THE 6TH
Casper Ghosts batting - Pitching for Atlantic City Sonics : LHP Joaquín Pérez
Batting: RHB Jeff Mouton 0-0: Foul Ball, location: 2F
0-1: Swinging Strike
0-2: Ball
1-2: Ball
2-2: Ball
3-2: Foul Ball, location: 2F
3-2: Base on Balls
Batting: LHB Marcus Shill 0-0: Ball
1-0: Fly out, F8 (Flyball, 8RXD)
Batting: LHB Badry Maksimenov 0-0: Ball
1-0: Foul Ball, location: 2F
1-1: Ball
2-1: Ball
3-1: Foul Ball, location: 2F
3-2: Ground out 5-3 (Groundball, 56)
Jeff Mouton to second
Batting: RHB Adrijan Markovski 0-0: Ball
1-0: Fly out, F8 (Flyball, 8LD)
Top of the 6th over - 0 runs, 0 hits, 0 errors, 1 left on base; Casper 2 - Atlantic City 2
BOTTOM OF THE 6TH
Atlantic City Sonics batting - Pitching for Casper Ghosts : RHP Rhys Maskell
Batting: LHB Scotty Mitchell 0-0: Called Strike
0-1: Foul Ball, location: 2F
0-2: Ball
1-2: Foul Ball, location: 2F
1-2: Strikes out swinging
Pitching: LHP Geoffroy Cadaloba
Batting: LHB António Casas 0-0: Called Strike
0-1: Called Strike
0-2: Ball
1-2: Ball
2-2: Ball
3-2: Foul Ball, location: 2F
3-2: Foul Ball, location: 2F
3-2: Fly out, F9 (Line Drive, 9LM)
Now in RF: Paco Ríos
Batting: RHB John Willoughby 0-0: Called Strike
0-1: Fly out, F9 (Flyball, 9S)
Bottom of the 6th over - 0 runs, 0 hits, 0 errors, 0 left on base; Casper 2 - Atlantic City 2
TOP OF THE 7TH
Casper Ghosts batting - Pitching for Atlantic City Sonics : LHP Joaquín Pérez
Batting: RHB José Reyes 0-0: Ball
1-0: Called Strike
1-1: Fly out, F4 (Popup, 34S)
Batting: RHB Tatsui Kiyomizu 0-0: Called Strike
0-1: Foul Ball, location: 2F
0-2: Fly out, F7 (Line Drive, 78D)
Batting: RHB Armando Pacheco 0-0: Called Strike
0-1: Ball
1-1: Ball
2-1: SINGLE (Groundball, 4MD)
Pitching: LHP Doppo Omikado
Batting: RHB Steve Weber 0-0: Ball
1-0: Ball
Wild Pitch!
Armando Pacheco to second
2-0: Ground out U3 (Groundball, 3)
Top of the 7th over - 0 runs, 1 hit, 0 errors, 1 left on base; Casper 2 - Atlantic City 2
BOTTOM OF THE 7TH
Atlantic City Sonics batting - Pitching for Casper Ghosts : LHP Geoffroy Cadaloba
Batting: RHB Kendrick Drumgoole 0-0: SINGLE (Groundball, 6MD)
Batting: RHB Gary Jenkins 0-0: Ball
1-0: Bunted foul
1-1: Bunted foul
1-2: Ball
2-2: Foul Ball, location: 2F
2-2: Strikes out looking
Batting: RHB Dam Son 0-0: Ball
Kendrick Drumgoole steals 2nd base
1-0: Ball
2-0: Ball
3-0: Base on Balls
Batting: RHB Carlos Mendoza 0-0: Ball
1-0: Ball
Kendrick Drumgoole steals 3rd base
2-0: Ball
3-0: Called Strike
3-1: Fly out, F7 (Flyball, 7LSF)
Runner from 3rd tags up, SCORES, no throw
Pinch Hitting: RHB Alejandro Sánchez 0-0: Ball
1-0: Ball
2-0: SINGLE (Line Drive, 56)
Dam Son to second
Batting: RHB Jeff Quesenberry 0-0: Ball
1-0: Ground out 6-3 (Groundball, 6M)
Bottom of the 7th over - 1 run, 2 hits, 0 errors, 2 left on base; Casper 2 - Atlantic City 3
TOP OF THE 8TH
Casper Ghosts batting - Pitching for Atlantic City Sonics : LHP Doppo Omikado
Pitching: RHP Amando Codes
Now at SS: Toyozo Yamasaki
Batting: RHB Jur Prokop 0-0: Foul Ball, location: 2F
0-1: Ground out 4-3 (Groundball, 4)
Batting: SHB Paco Ríos 0-0: Ball
1-0: Foul Ball, location: 2F
1-1: Ground out 4-3 (Groundball, 4)
Batting: LHB Marcus Shill 0-0: Ball
1-0: Ball
2-0: Ball
3-0: Called Strike
3-1: SINGLE (Line Drive, 34)
Batting: LHB Badry Maksimenov 0-0: Called Strike
0-1: Ball
1-1: Ball
2-1: Ball
3-1: Swinging Strike
3-2: Foul Ball, location: 2F
3-2: Ground out 4-3 (Groundball, 34S)
Top of the 8th over - 0 runs, 1 hit, 0 errors, 1 left on base; Casper 2 - Atlantic City 3
BOTTOM OF THE 8TH
Atlantic City Sonics batting - Pitching for Casper Ghosts : LHP Geoffroy Cadaloba
Batting: LHB Scotty Mitchell 0-0: Ball
1-0: Called Strike
1-1: Swinging Strike
1-2: Strikes out looking
Batting: LHB António Casas 0-0: Called Strike
0-1: Ball
1-1: Ball
2-1: Swinging Strike
2-2: Fly out, F7 (Flyball, 7D)
Batting: RHB John Willoughby 0-0: Ball
1-0: Ball
2-0: Ground out 5-3 (Groundball, 5S)
Bottom of the 8th over - 0 runs, 0 hits, 0 errors, 0 left on base; Casper 2 - Atlantic City 3
TOP OF THE 9TH
Casper Ghosts batting - Pitching for Atlantic City Sonics : RHP Amando Codes
Now at C: Guillermo Mata
Batting: RHB Adrijan Markovski 0-0: Swinging Strike
0-1: Ball
1-1: Called Strike
1-2: Ball
2-2: Strikes out swinging
Pinch Hitting: RHB Todd Sentell 0-0: Ball
1-0: Ground out 1-3 (Groundball, 15S)
Batting: RHB Tatsui Kiyomizu 0-0: SINGLE (Flyball, 89S)
Batting: RHB Armando Pacheco 0-0: Ball
1-0: DOUBLE (Groundball, 5L)
Tatsui Kiyomizu to third
Runner from 3rd tries for Home, SAFE, no throw
Batting: RHB Steve Weber 0-0: Foul Ball, location: 2F
0-1: Ball
1-1: Ball
2-1: Foul Ball, location: 2F
2-2: Ball
3-2: SINGLE (Line Drive, 6MD)
Armando Pacheco to third
Armando Pacheco scores
Batting: RHB Jur Prokop 0-0: Fielders Choice at 2nd, 6-4 (Groundball, 6)
Top of the 9th over - 2 runs, 3 hits, 0 errors, 1 left on base; Casper 4 - Atlantic City 3
BOTTOM OF THE 9TH
Atlantic City Sonics batting - Pitching for Casper Ghosts : LHP Geoffroy Cadaloba
Now in RF: Todd Sentell
Batting: RHB Kendrick Drumgoole 0-0: Ball
1-0: Ball
2-0: Foul Ball, location: 2F
2-1: Swinging Strike
2-2: Foul Ball, location: 2F
2-2: Ball
3-2: Foul Ball, location: 2F
3-2: Foul Ball, location: 2F
3-2: Base on Balls
Batting: RHB Gary Jenkins 0-0: Ball
1-0: Sac Bunt - play at first, batter OUT! 3-4
Kendrick Drumgoole to second
Batting: RHB Dam Son 0-0: Ball
1-0: Ball
2-0: Foul Ball, location: 2F
2-1: SINGLE (Groundball, 6D)
Kendrick Drumgoole to third
Runner from 3rd tries for Home, SAFE, no throw
Pitching: RHP John Castle
Batting: RHB Carlos Mendoza 0-0: DOUBLE (Line Drive, 7LM)
Dam Son to third
Pinch Hitting: LHB Xuan-ling Liao 0-0: Intentional Walk
Pinch Hitting: LHB Todd Bonzalez 0-0: Foul Ball, location: 2F
0-1: Ball
1-1: Reached on error, E3 (Groundball, 34)
Dam Son scores
Friday, March 29th, 2019 - OOTP Baseball 18.8 Build 76